Cogmind - Beta 14 @@@ ROGUE MODE // 2024.11.15 @ 17:36:20 Player: WazdakkaGutsmek Result: Destroyed by Y-45 Defender with Heavy Assault Rifle Performance ------------- Evolutions (1) 500 Regions Visited (3) 600 Robots Destroyed (8) 40 Value Destroyed (300) 300 Prototype IDs (0) 0 Alien Tech Used (0) 0 Bonus (200) 200 TOTAL SCORE: 1640 Bonus ------- Pacifist 200 Cogmind --------- Core Integrity 0/400 Matter 300/300 Energy 100/100 System Corruption 13% Temperature Cool (9) Movement Core (100) Ox1 Location -9/Materials Parts ------- > --- POWER (1) -------- (None) > --- PROPULSION (3) --- (None) > --- UTILITY (3) ------ Small Storage Unit > --- WEAPON (2) ------- (None) > --- INVENTORY (8) ---- (None) Peak State ------------ > --- POWER ------------ Ion Engine > --- PROPULSION ------- Light Treads Light Treads > --- UTILITY ---------- Small Storage Unit Structural Scanner > --- WEAPON ----------- Assault Rifle Assault Rifle > --- INVENTORY -------- Assault Rifle [Rating: 7] Favorites ----------- Power Ion Engine Engine Ion Engine Propulsion Light Treads Treads Light Treads Utility Small Storage Unit Device Structural Scanner Storage Small Storage Unit Weapon Assault Rifle Energy Gun Small Laser Ballistic Gun Assault Rifle Impact Weapon Hammer Build | -11 -10 -10 -9 ------- Run | Yrd Mat Min Mat Slots Evolved 2 | . . . 2 Power . | . . . . Propulsion 1 | . . . 1 Utility 1 | . . . 1 Weapon . | . . . . Parts Attached 12 | 6 1 . 5 Power 2 | 1 . . 1 Engine 2 | 1 . . 1 Core . | . . . . Reactor . | . . . . Propulsion 3 | 2 . . 1 Treads 3 | 2 . . 1 Leg . | . . . . Wheel . | . . . . Hover . | . . . . Flight . | . . . . Utility 2 | 1 1 . . Device 1 | . 1 . . Storage 1 | 1 . . . Processor . | . . . . Hackware . | . . . . Protection . | . . . . Artifact . | . . . . Weapon 5 | 2 . . 3 Energy Gun 1 | . . . 1 Energy Cannon . | . . . . Ballistic Gun 3 | 2 . . 1 Ballistic Cannon . | . . . . Launcher . | . . . . Special Weapon . | . . . . Impact Weapon 1 | . . . 1 Slashing Weapon . | . . . . Piercing Weapon . | . . . . Special Melee Weapon . | . . . . Unidentified Prototypes . | . . . . Parts Lost 11 | . . . 11 Power 2 | . . . 2 Propulsion 3 | . . . 3 Utility 1 | . . . 1 Weapon 5 | . . . 5 Highest Loss Streak 6 | . . . 6 To Critical Strikes . | . . . . Average Slot Usage (%) 69 | . 95 100 58 Engine 10 | . 14 14 9 Treads 19 | . 28 28 16 Device 6 | . 10 14 4 Storage 11 | . 14 14 11 Ballistic Gun 19 | . 28 28 15 Peak Build Rating 7 | 6 7 7 7 Average Rating 5 | 4 6 7 5 On Entrance 5 | . 6 7 7 Naked Turns . | . . . . Heaviest Build 17 | 14 15 15 17 Greatest Support 40 | 40 40 40 40 Greatest Overweight (x) 4 | . . . 4 Average Overweight (x) . | . . . . Largest Inventory Capacity 8 | 8 8 8 8 Average Capacity 7 | 7 8 8 8 Most Carried 1 | 1 1 1 1 Average Carried . | . 1 1 . Final Capacity 8 | 8 8 8 8 Final Carried 1 | 1 1 1 . Class Distribution -------------------- 100% | Mutant Dominant Class ---------------- Mutant | -10/Materials Mutant | -10/Mines Mutant | -9/Materials Resources | -11 -10 -10 -9 ----------- Run | Yrd Mat Min Mat Matter Collected 450 | 129 . . 321 Remotely . | . . . . Salvage Created 368 | . . . 368 Parts 20 | . . . 20 Haulers Intercepted . | . . . . Recyclers Shooed . | . . . . Parts Field Recycled . | . . . . Retrieved Matter . | . . . . Parts Self-Destructed . | . . . . Prevented . | . . . . Kills | -11 -10 -10 -9 ------- Run | Yrd Mat Min Mat Combat Hostiles Destroyed 8 | . . . 8 Melee 1 | . . . 1 Guns 7 | . . . 7 Classes Destroyed 2 | . . . 2 Grunt 7 | . . . 7 Brawler 1 | . . . 1 Best Kill Streak 3 | . . . 3 Combat Bots Only 3 | . . . 3 Max Kills in Single Turn 1 | . . . 1 Gunslinging . | . . . . Exploded . | . . . . Melee 1 | . . . 1 Uniques/NPCs Destroyed . | . . . . Combat | -11 -10 -10 -9 -------- Run | Yrd Mat Min Mat Hostile Shots Fired 148 | . . 12 136 Missed 33 | . . 1 32 Damage Taken 1606 | . . 150 1456 Core 434 | . . 32 402 Absorbed by Shields . | . . . . Core Remaining (%) 93 | 100 . 87 . Volleys Fired 39 | . . . 39 Largest 2 | . . . 2 Hottest 60 | . . . 60 Shots Fired 72 | . . . 72 Gun 72 | . . . 72 Cannon . | . . . . Launcher . | . . . . Special . | . . . . Kinetic 68 | . . . 68 Thermal 4 | . . . 4 Explosive . | . . . . Electromagnetic . | . . . . Robot Hit Streak 10 | . . . 10 Robot Miss Streak 4 | . . . 4 Penetration Max . | . . . . Secondary Targets 1 | . . . 1 Max Gunslinging Chain 1 | . . . 1 Shots Hit Robots 56 | . . . 56 Core Hits 18 | . . . 18 Critical Kills . | . . . . Critical Parts Destroyed . | . . . . Critical Strikes . | . . . . Melee Attacks 6 | . . . 6 Impact 6 | . . . 6 Slashing . | . . . . Piercing . | . . . . Sneak Attacks . | . . . . Combat Hostiles . | . . . . Follow-up Attacks . | . . . . Damage Inflicted 796 | . . . 796 Guns 671 | . . . 671 Cannons . | . . . . Explosions . | . . . . Melee 105 | . . . 105 Ramming 20 | . . . 20 Kinetic 637 | . . . 637 Thermal 34 | . . . 34 Explosive . | . . . . Electromagnetic . | . . . . Impact 105 | . . . 105 Slashing . | . . . . Piercing . | . . . . Highest Corruption 13 | . . . 13 Average Corruption 12 | . . . 12 Corruption Purged . | . . . . Corruption Blocked . | . . . . Effects 5 | . . . 5 Energy Discharges 1 | . . . 1 Data Loss (minor) 1 | . . . 1 Data Loss (major) 1 | . . . 1 Misfires 1 | . . . 1 Weapon Failures 1 | . . . 1 Overload Shots . | . . . . Overflow Damage 7 | . . . 7 Projectiles . | . . . . Explosions . | . . . . Melee 7 | . . . 7 Knockbacks . | . . . . Impact . | . . . . Kinetic . | . . . . Secondary . | . . . . Self-Inflicted Damage 7 | . . . 7 Shots . | . . . . Rammed 11 | . . 1 10 Targets Rammed 11 | . . 1 10 Kicked . | . . . . Crushed . | . . . . Highest Temperature 141 | . . . 141 Average Temperature 86 | . . . 86 Received Heat Transfer 726 | . . 87 639 Siege Activations . | . . . . Robots Corrupted . | . . . . Combat Hostiles . | . . . . Parts Fried . | . . . . Impact Corruptions 1 | . . . 1 Robots Melted . | . . . . Combat Hostiles . | . . . . Parts Melted . | . . . . Heat Transferred 75 | . . . 75 Parts Sabotaged . | . . . . Parts Stolen . | . . . . Parts Stripped . | . . . . Power Chain Reactions . | . . . . Alert | -11 -10 -10 -9 ------- Run | Yrd Mat Min Mat Peak Influence 125 | . . . 125 Initial . | . . . . Average 41 | . . . 72 Maximum Alert Level . | . . . . Low Security (%) 100 | 100 100 100 100 Level 1 . | . . . . Level 2 . | . . . . Level 3 . | . . . . Level 4 . | . . . . Level 5 . | . . . . High Security . | . . . . Max Security . | . . . . Squads Dispatched 1 | . . . 1 Investigation . | . . . . Extermination . | . . . . Reinforcement 1 | . . . 1 Assault . | . . . . Garrison . | . . . . Intercept . | . . . . Searches Triggered . | . . . . Construction Impeded . | . . . . Haulers Reinforced . | . . . . Active Scanning Responses . | . . . . Cargo Convoy Interrupts . | . . . . Stealth | -11 -10 -10 -9 --------- Run | Yrd Mat Min Mat Distress Signals 2 | . . . 2 Communications Jammed . | . . . . Distress Signals . | . . . . Times Spotted 13 | . . 2 11 Peak Tracking Total 4 | . . 2 4 Tactical Retreats . | . . . . Traps | -11 -10 -10 -9 ------- Run | Yrd Mat Min Mat Traps Triggered . | . . . . Indirectly . | . . . . Trap Hack Attempts . | . . . . Triggered . | . . . . Disarmed . | . . . . Reprogrammed . | . . . . Reused . | . . . . Traps Extracted . | . . . . Installed . | . . . . Triggered . | . . . . Machines | -11 -10 -10 -9 ---------- Run | Yrd Mat Min Mat Machines Disabled . | . . . . Max in Single Turn . | . . . . Machines Repaired . | . . . . Machines Dismantled . | . . . . Machines Sabotaged . | . . . . Overloaded Fab Kills . | . . . . Hacking | -11 -10 -10 -9 --------- Run | Yrd Mat Min Mat Machines Accessed 2 | . 1 . 1 Terminals 2 | . 1 . 1 Fabricators . | . . . . Repair Stations . | . . . . Recycling Units . | . . . . Scanalyzers . | . . . . Garrison Access . | . . . . Total Hacks 4 | . 2 . 2 Successful 1 | . 1 . . Failed 3 | . 1 . 2 Catastrophic 2 | . 1 . 1 Database Lockouts . | . . . . Manual 2 | . . . 2 Terminals 4 | . 2 . 2 Fabricators . | . . . . Repair Stations . | . . . . Recycling Units . | . . . . Scanalyzers . | . . . . Garrison Access . | . . . . Terminal Hacks 1 | . 1 . . Branch Access Points 1 | . 1 . . Fabricator Hacks . | . . . . Repair Station Hacks . | . . . . Recycling Unit Hacks . | . . . . Scanalyzer . | . . . . Garrison Access Hacks . | . . . . Unauthorized Hacks . | . . . . Terminals . | . . . . Fabricators . | . . . . Repair Stations . | . . . . Recycling Units . | . . . . Scanalyzers . | . . . . Garrison Access . | . . . . Data Cores Recovered . | . . . . Used . | . . . . Hacking Detections 1 | . . . 1 Full Trace Events . | . . . . Feedback Events . | . . . . Feedback Blocked . | . . . . Robot Schematics Acquired . | . . . . Robots Built . | . . . . Authchips . | . . . . Time . | . . . . Total Robot Build Rating . | . . . . Part Schematics Acquired . | . . . . Parts Built . | . . . . Authchips . | . . . . Time . | . . . . Total Part Build Rating . | . . . . Parts Repaired . | . . . . Time . | . . . . Parts Recycled . | . . . . Recycled Matter . | . . . . Retrieved Matter . | . . . . Retrieved Components . | . . . . Parts Scanalyzed . | . . . . Part Schematics Acquired . | . . . . Parts Damaged . | . . . . Bothacking | -11 -10 -10 -9 ------------ Run | Yrd Mat Min Mat Used RIF Installer . | . . . . Robots Hacked . | . . . . Non-combat . | . . . . Combat . | . . . . Robot Hacks Applied . | . . . . Relay Couplers Released . | . . . . Fabnet Peak Effective % . | . . . . Robots Rewired . | . . . . Allies Hacked . | . . . . Hacks Repelled . | . . . . Allies | -11 -10 -10 -9 -------- Run | Yrd Mat Min Mat Total Allies . | . . . . Largest Group . | . . . . Highest-Rated Group . | . . . . Highest-Rated Ally . | . . . . Total Orders . | . . . . Ally Attacks . | . . . . Total Damage . | . . . . Kills . | . . . . Allies Corrupted . | . . . . Allies Melted . | . . . . Intel | -11 -10 -10 -9 ------- Run | Yrd Mat Min Mat Robot Analysis Total . | . . . . Derelict Logs Recovered 1 | . . 1 . Drone Launches . | . . . . Drone Recoveries . | . . . . Exploration | -11 -10 -10 -9 ------------- Run | Yrd Mat Min Mat Turns Passed 441 | 84 69 34 254 Spaces Moved 183 | 52 43 21 67 Core 22 | 7 . . 15 Treads 161 | 45 43 21 52 Legs . | . . . . Wheels . | . . . . Hover . | . . . . Flight . | . . . . Fastest Speed 50 | 50 160 160 100 Average Speed 152 | 145 160 160 151 Slowest Speed 250 | 160 160 160 250 Overloaded Moves . | . . . . Propulsion Burnouts . | . . . . Robots Hopped . | . . . . Cave-ins Triggered . | . . . . Exploration Rate (%) 9 | 4 13 13 7 Regions Visited 3 Branch Regions 1 Pre-discovered Areas . | . . . . Known Exits Taken 1 | . 1 . . Unknown Exits Taken 2 | 1 . 1 . Scrap Searched . | . . . . Spaces Dug . | . . . . Terrain Destroyed . | . . . . Melee . | . . . . Projectile . | . . . . AOE . | . . . . Terrain Rammed . | . . . . Walls Destroyed . | . . . . Machines Disabled . | . . . . Actions | -11 -10 -10 -9 --------- Run | Yrd Mat Min Mat Total 252 | 58 43 21 130 Wait 3 | . . . 3 Move 180 | 51 42 20 67 Hop . | . . . . Pick Up 1 | 1 . . . Fast Attach 11 | 6 1 . 4 Attach 1 | . . . 1 Detach . | . . . . Swap . | . . . . Drop . | . . . . Fire 39 | . . . 39 Melee 6 | . . . 6 Ram 9 | . . . 9 Kick . | . . . . Crush 2 | . . 1 1 Escape Stasis . | . . . . Rewire . | . . . . Trap . | . . . . Miscellaneous . | . . . . Route ------- -11/Scrapyard -10/Materials (discovered 2 exits: *Min x2) -10/Mines -9/Materials (discovered 1 exit: Min) History --------- Turn | Location | Event 14 | -11/Scrapyard | Discovered new exit (range 14) 85 | -11/Scrapyard | Entered Materials 108 | -10/Materials | Identified exit to Mines 154 | -10/Materials | Entered Mines 174 | -10/Mines | Learned 4 Materials zone layouts 174 | -10/Mines | Discovered new exit (range 9) 188 | -10/Mines | Entered Materials 188 | -9/Materials | Evolved 2 slots: Propulsion x1, Utility x1 189 | -9/Materials | Identified exit to Mines 314 | -9/Materials | Build established: Mutant 346 | -9/Materials | System corruption reached 10% 376 | -9/Materials | Lost 4 parts (1p1n2w) 407 | -9/Materials | Core integrity fell below 50% 427 | -9/Materials | Core integrity fell below 20% 442 | -9/Materials | Destroyed by Y-45 Defender with Heavy Assault Rifle Last Messages --------------- 00386_ Lgt. Treads destroyed. 00391_ Slammed into Y-45 Defender. 00392_ Lgt. Treads destroyed. 00393_ Slammed into Y-45 Defender. 00395_ Critical hit (Burn: +37). 00396_ Slammed into Y-45 Defender. 00398_ Assault Rifle destroyed. 00399_ Acquired 80 matter. 00404_ Acquired Hammer. 00410_ Rnf. Ion Engine destroyed. 00414_ Destroyed Heat Sink. 00414_ G-34 Mercenary system corrupted by crushing effect. 00416_ G-34 Mercenary destroyed. 00418_ System corrupted: Component data lost. 00421_ Hammer destroyed. 00423_ Slammed into Y-45 Defender. 00429_ Slammed into G-34 Mercenary. 00442_ System corrupted: Substantial component data lost. Map ----- +----------------------------------------------------+ | ## #??????????## # ##? | | #### """ ##+#??????????## + ##? | | ?????????????????????????## # "T" ##? | | ?????????????????????????## # ##? | | ?????????????????????????## #########? | | ?????????????????????????## # ##? | | ?????????????????????????## # ???????? | | ?????????????????????????## # ???????? | | ?????????????????????????## + ???????? | | ???????????????????######## # ???????? | | ?????????????????########## # ???????? | | ????????????????? # ##???????? | | ????????????????? """ """ #!= ##???????? | | ???????????# """ """%# ##???????? | | ???????????## """ """!#!% ##???????? | | ???????????## =%+=* ##???????? | | ???????????## =#Yg*##???????? | | ???????????################==%##?####??? | | ????????????? =# # | | ????????????? # """ ? | | ????????????? # "R # | | ?????????????? ^""" # """ # | | ??????????????###### """ + # | | ????????????????? ## """ # """ # | | ??????????????????## # [ """ ? | | ??????????????????## @ # """ ? | | ??????????????????#### ######## ? | | ??????????????????#### #########?######? | | ????????????????????## ????????????????? | | ????????????????????## ????????????????? | | ???????????????????????????????????????? | | ???????????????????????????????????????? | | ???????????????????????????????????????? | | ???????????????????????????????????????? | | ???????????????????????????????????????? | | ???????????????????????????????????????? | | ???????????????????????????????????????? | | ???????????????????????????????????????? | | ???????????????????????????????????????? | | ???????????????????????????????????????? | | ???????????????????????????????????????? | | ???????????????????????????????????????? | | ???????????????????????????????????????? | | ???????????????????????????????????????? | | ???????????????????????????????????????? | | ???????????????????????????????????????? | | ???????????????????????????????????????? | | ???????????????????????????????????????? | | ???????????????????????????????????????? | | ???????????????????????????????????????? | +----------------------------------------------------+ Best States ------------- Heat Dissipation 28 Energy Generation 12 Energy Capacity 265 Matter Stores 300 Matter Capacity 300 Sight Range 16 Terrain Scan Density 10 Evasion (%) 40 Recoil Reduction 2 Item Schematics ----------------- None Robot Schematics ------------------ None Fabricated ------------ Nothing Alien Tech Used ----------------- None Achievements -------------- None Challenges ------------ None Game ------ Seed KineticKineticConstruct Manual? 0 Play Time 00:04:33 Cumulative 101.7 hours Start 2024.11.15 @ 17:33:08 End 2024.11.15 @ 17:36:20 Sessions 1 Manual Loads 0 Difficulty Rogue Special Mode None Game No. 85 Rogue 66 Adventurer 16 Explorer 3 Win Type - Total 6 Types 5/0/1/0/0/0/0/0/0 Lore% 23 Gallery% 58 Achievement% 55 Wizard Run 0 Options --------- Layout 2 ASCII 0 Keyboard 0 Movement Numpad Keybinds 1 Fullscreen 2 Font 24/Terminus Map View 50x44 Zoom Use 0% Tactical HUD 1 Map Filters NONE Filters NONE Steam 1 RUN: be9d4b2f-c79e-4645-917b-b07d6483ec95